[Event "World Junior Chess Championship U20 2022"]
[White "Baenziger, Fabian"]
[Black "Horvath, Dominik"]
[WhiteFideId "1330110"]
[BlackFideId "1642561"]
[WhiteElo "2439"]
[BlackElo "2505"]
[Result "1/2-1/2"]
[Round "03"]
[TimeControl "5400+30"]
[Date "2022.10.13"]
[WhiteClock "1:10:19"]
[BlackClock "1:13:08"]

1. d4 d5 2. c4 e6 3. Nf3 Nf6 4. g3 Bb4+ 5. Bd2 a5 6. Bg2 O-O 7. Qc2 c5 8. cxd5 cxd4 9. Nxd4 Qb6 10. e3 exd5 11. O-O Nc6 12. Nxc6 bxc6 13. Rc1 Rb8 14. Nc3 h5 15. a3 Be7 16. Na4 Qc7 17. Qxc6 Qxc6 18. Rxc6 Bd7 19. Rc7 Bd8 20. Rxd7 Nxd7 21. Rd1 Nf6 22. Bc3 Rb5 23. b4 axb4 24. Bxb4 Re8 25. Nc3 Rb8 26. Nxd5 Nxd5 27. Rxd5 Be7 28. Rxh5 Bxb4 29. axb4 Rxb4 30. Rc5 Rb1+ 31. Bf1 1/2-1/2


[Site "http://www.chessbomb.com"]

[Event "World Junior Chess Championship U20 2022"]
[White "Isik, Alparslan"]
[Black "Blohberger, Felix"]
[WhiteFideId "34506896"]
[BlackFideId "1632051"]
[WhiteElo "2377"]
[BlackElo "2493"]
[Result "1-0"]
[Round "03"]
[TimeControl "5400+30"]
[Date "2022.10.13"]
[WhiteClock "0:05:22"]
[BlackClock "0:00:57"]

1. d4 Nf6 2. Nf3 d5 3. c4 e6 4. Nc3 Bb4 5. Qa4+ Nc6 6. e3 O-O 7. Bd2 dxc4 8. Bxc4 Bd6 9. Qc2 a6 10. Ne4 Nxe4 11. Qxe4 Bd7 12. O-O Qf6 13. Bc3 Qf5 14. Qxf5 exf5 15. Bb3 Ne7 16. Rfd1 h6 17. Rac1 Rfd8 18. d5 a5 19. a3 Kf8 20. Ne5 Bb5 21. g3 b6 22. Bd4 Rac8 23. Nc4 Bxc4 24. Bxc4 Rb8 25. Ba2 Ng6 26. f4 Ne7 27. Kf2 h5 28. Kf3 Ng8 29. h3 Nh6 30. Rc6 f6 31. Rdc1 Rb7 32. Bb1 Kf7 33. e4 fxe4+ 34. Bxe4 g6 35. g4 hxg4+ 36. hxg4 Re8 37. Rh1 f5 38. gxf5 gxf5 39. Bd3 1-0


[Site "http://www.chessbomb.com"]

[Event "World Junior Chess Championship U20 2022"]
[White "Rohith, Krishna S"]
[Black "Gorshtein, Ido"]
[WhiteFideId "46617051"]
[BlackFideId "2815532"]
[WhiteElo "2370"]
[BlackElo "2471"]
[Result "1/2-1/2"]
[Round "03"]
[TimeControl "5400+30"]
[Date "2022.10.13"]
[WhiteClock "0:45:56"]
[BlackClock "0:20:03"]

1. d4 f5 2. g3 Nf6 3. Bg2 g6 4. c4 Bg7 5. Nc3 O-O 6. Nf3 d6 7. O-O c6 8. b3 Qc7 9. Qc2 Na6 10. Ba3 b5 11. Bb2 Rb8 12. cxb5 cxb5 13. Rac1 Bb7 14. Qd2 Qd7 15. Rfd1 Nc7 16. e3 Rfc8 17. Ne2 Ncd5 18. Qa5 a6 19. Ne1 Bh6 20. Nf4 Nxf4 21. exf4 Bg7 22. d5 Rxc1 23. Bxc1 Ne4 24. Bxe4 fxe4 25. Ng2 Rc8 26. Ba3 Rc2 27. Bb4 Qc7 28. Qxc7 Rxc7 29. Ne3 Kf7 30. Kg2 Rd7 31. f3 exf3+ 32. Kxf3 e6 33. Ke2 exd5 34. Nxd5 Ke6 35. Nb6 Rd8 36. Kd3 Kf5 37. Re1 Bf6 38. Bc3 Bxc3 39. Kxc3 Be4 40. Kd4 d5 41. h3 h5 42. Rg1 b4 43. Na4 a5 1/2-1/2


[Site "http://www.chessbomb.com"]

[Event "World Junior Chess Championship U20 2022"]
[White "Abdurakhmonov, Mukhammadali"]
[Black "Nogerbek, Kazybek"]
[WhiteFideId "14207346"]
[BlackFideId "13710427"]
[WhiteElo "2345"]
[BlackElo "2467"]
[Result "1-0"]
[Round "03"]
[TimeControl "5400+30"]
[Date "2022.10.13"]
[WhiteClock "0:06:17"]
[BlackClock "0:08:47"]

1. d4 d5 2. c4 c6 3. Nc3 Nf6 4. e3 e6 5. Nf3 Nbd7 6. Qc2 Bd6 7. cxd5 exd5 8. Bd3 Qe7 9. b3 O-O 10. h3 Re8 11. O-O Ne4 12. a3 Ndf6 13. Na4 Bf5 14. Bb2 Bg6 15. b4 a5 16. Nb6 Ra7 17. b5 Bc7 18. Na4 cxb5 19. Bxb5 Nd6 20. Qb3 Nxb5 21. Qxb5 Bf5 22. Ne5 Bxe5 23. dxe5 Ne4 24. Nb6 Rf8 25. Nxd5 Qh4 26. f3 Ng3 27. Rf2 Ra6 28. Qc5 Re6 29. Qd4 Qxd4 30. Bxd4 h5 31. h4 Bd3 32. Nf4 Bc4 33. Nxe6 fxe6 34. Bb6 a4 35. Rd1 Kh7 36. Rd7 Bb5 37. Rc7 Nf5 38. e4 Nxh4 39. Rxb7 Rc8 40. Be3 1-0


[Site "http://www.chessbomb.com"]

[Event "World Junior Chess Championship U20 2022"]
[White "Mendonca, Leon Luke"]
[Black "Lux, Hugo de Melo"]
[WhiteFideId "35028561"]
[BlackFideId "2138298"]
[WhiteElo "2558"]
[BlackElo "2309"]
[Result "1-0"]
[Round "03"]
[TimeControl "5400+30"]
[Date "2022.10.13"]
[WhiteClock "0:14:41"]
[BlackClock "0:01:31"]

1. d4 Nf6 2. c4 e6 3. Nf3 c5 4. d5 exd5 5. cxd5 d6 6. Nc3 g6 7. Nd2 Bg7 8. e4 O-O 9. Be2 Na6 10. O-O Nc7 11. a4 Re8 12. f3 b6 13. Kh1 Rb8 14. Nc4 Ba6 15. Bg5 Qd7 16. Qd2 Bxc4 17. Bxc4 a6 18. Bd3 Rb7 19. f4 Nh5 20. f5 gxf5 21. Qd1 fxe4 22. Bxe4 Bxc3 23. Bf5 Qxf5 24. Rxf5 Re1+ 25. Qxe1 Bxe1 26. Rxe1 Ng7 27. Rf3 Nxd5 28. Rd3 Nc7 29. Re7 Nge8 30. Bh6 d5 31. Rg3+ Kh8 32. Rxf7 Nd6 33. Rf8# 1-0


[Site "http://www.chessbomb.com"]

[Event "World Junior Chess Championship U20 2022"]
[White "Martins, Bruno Andre Leite"]
[Black "Muradli, Mahammad"]
[WhiteFideId "1942255"]
[BlackFideId "13409301"]
[WhiteElo "2306"]
[BlackElo "2550"]
[Result "1-0"]
[Round "03"]
[TimeControl "5400+30"]
[Date "2022.10.13"]
[WhiteClock "0:07:23"]
[BlackClock "0:05:06"]

1. e4 c5 2. Nf3 d6 3. d4 cxd4 4. Nxd4 Nf6 5. Nc3 a6 6. Rg1 h5 7. h3 g6 8. g4 Bg7 9. g5 Nfd7 10. Be3 Nc6 11. Be2 O-O 12. Qd2 Nc5 13. O-O-O Qa5 14. Kb1 Be6 15. f3 Rfc8 16. Nd5 Qxd2 17. Rxd2 Bxd5 18. exd5 Nxd4 19. Bxd4 Bxd4 20. Rxd4 e5 21. dxe6 Nxe6 22. Rb4 Rc5 23. h4 Re5 24. Bc4 d5 25. Bb3 b5 26. Rd1 Rd8 27. a4 bxa4 28. Rxa4 Rd6 29. Ra5 Nf4 30. Rd4 Rf5 31. c3 Ng2 32. Raxd5 Rdxd5 33. Bxd5 Nxh4 34. f4 Kg7 35. c4 f6 36. Be6 Rc5 37. Rd7+ Kh8 38. gxf6 Rc8 1-0


[Site "http://www.chessbomb.com"]

[Event "World Junior Chess Championship U20 2022"]
[White "Iniyan, P"]
[Black "Manish, Anto Cristiano F"]
[WhiteFideId "25002767"]
[BlackFideId "25095927"]
[WhiteElo "2541"]
[BlackElo "2332"]
[Result "1-0"]
[Round "03"]
[TimeControl "5400+30"]
[Date "2022.10.13"]
[WhiteClock "0:38:22"]
[BlackClock "0:47:39"]

1. d4 Nf6 2. c4 e6 3. Nf3 d5 4. Nc3 c5 5. cxd5 Nxd5 6. e4 Nxc3 7. bxc3 cxd4 8. cxd4 Bb4+ 9. Bd2 Bxd2+ 10. Qxd2 O-O 11. Bc4 Nd7 12. O-O b6 13. Rad1 Bb7 14. Rfe1 Rc8 15. Bb3 h6 16. h3 Nf6 17. Qf4 Qc7 18. Ne5 Nd7 19. Nd3 Nf6 20. Ne5 Nd7 21. Nd3 Nf6 22. Qxc7 Rxc7 23. f3 Rd8 24. Nf4 g5 25. Ne2 b5 26. d5 exd5 27. e5 Ne8 28. Nd4 a6 29. Nf5 Kh7 1-0


[Site "http://www.chessbomb.com"]

[Event "World Junior Chess Championship U20 2022"]
[White "Gaal, Zsoka"]
[Black "Davtyan, Artur"]
[WhiteFideId "777765"]
[BlackFideId "13308327"]
[WhiteElo "2298"]
[BlackElo "2517"]
[Result "0-1"]
[Round "03"]
[TimeControl "5400+30"]
[Date "2022.10.13"]
[WhiteClock "0:01:31"]
[BlackClock "0:10:10"]

1. Nf3 Nf6 2. g3 b5 3. Bg2 Bb7 4. d4 e6 5. O-O Be7 6. Bg5 O-O 7. Qd3 d5 8. Qxb5 Ba6 9. Qa4 Bxe2 10. Re1 Bxf3 11. Bxf3 c6 12. c3 Qc7 13. Nd2 Nbd7 14. Rac1 Rfb8 15. c4 Qb7 16. Bf4 Rc8 17. c5 a5 18. Qc2 Bd8 19. Be2 Bc7 20. Bxc7 Rxc7 21. Bd3 Qb4 22. Nf3 a4 23. Rcd1 Rb8 24. Re2 h6 25. Qc1 Rcb7 26. Qf4 Qa5 27. Rdd2 Rb4 28. a3 Rb3 29. h4 Qa8 30. g4 Ne4 31. Bxe4 dxe4 32. Ne5 Nxe5 33. Qxe5 Rd8 34. Qxe4 Rd5 35. f4 Rg3+ 36. Rg2 Rxg2+ 37. Kxg2 Qd8 38. Kg3 h5 39. g5 Rxc5 40. dxc5 Qxd2 41. Qxc6 Qe1+ 42. Kg2 Qe2+ 43. Kg1 Qe3+ 44. Kg2 Qxf4 45. Qa8+ Kh7 46. c6 Qe4+ 47. Kf1 Qb1+ 48. Kf2 Qxb2+ 49. Ke1 Qxa3 50. Qb7 Qc1+ 51. Ke2 a3 52. Qxf7 Qxc6 53. Qa7 Qc2+ 54. Ke3 a2 55. Qd4 Qc1+ 56. Kf2 a1=Q 57. Qd3+ g6 58. Qd7+ Qg7 0-1


[Site "http://www.chessbomb.com"]

[Event "World Junior Chess Championship U20 2022"]
[White "Ramoutar, Alan-Safar"]
[Black "Carlo, Emanuele"]
[WhiteFideId "7704224"]
[BlackFideId "2825380"]
[WhiteElo "2449"]
[BlackElo "2306"]
[Result "1/2-1/2"]
[Round "03"]
[TimeControl "5400+30"]
[Date "2022.10.13"]
[WhiteClock "0:23:38"]
[BlackClock "0:18:43"]

1. e4 c5 2. Nf3 d6 3. d4 cxd4 4. Nxd4 Nf6 5. Bb5+ Nbd7 6. Bd3 a6 7. c4 Nc5 8. Nc3 Nxd3+ 9. Qxd3 g6 10. O-O Bg7 11. Re1 O-O 12. Bg5 Re8 13. Rad1 Bd7 14. h3 h6 15. Bc1 Rc8 16. Nf3 Qc7 17. e5 dxe5 18. Nxe5 Bf5 19. Qf3 Rcd8 20. Bf4 Rxd1 21. Rxd1 Qc8 22. g4 Be6 23. b3 h5 24. Nd5 hxg4 25. Nxf6+ exf6 26. Nxg4 b5 27. cxb5 axb5 28. Rc1 Qa8 29. Qxa8 Rxa8 30. Rc2 g5 31. Bd6 f5 32. Ne5 1/2-1/2


[Site "http://www.chessbomb.com"]

[Event "World Junior Chess Championship U20 2022"]
[White "Neelash, Saha"]
[Black "Guz, Ari"]
[WhiteFideId "5094160"]
[BlackFideId "2825759"]
[WhiteElo "2446"]
[BlackElo "2305"]
[Result "1/2-1/2"]
[Round "03"]
[TimeControl "5400+30"]
[Date "2022.10.13"]
[WhiteClock "0:30:55"]
[BlackClock "0:26:00"]

1. Nf3 Nf6 2. c4 e6 3. Nc3 d5 4. e3 c5 5. b3 d4 6. Ne2 Nc6 7. a3 e5 8. d3 Bd6 9. Ng3 O-O 10. Be2 dxe3 11. fxe3 e4 12. Nxe4 Nxe4 13. dxe4 Qf6 14. Ra2 Re8 15. Rd2 Bc7 16. O-O Qh6 17. Rd5 Be6 18. Rxc5 Rad8 19. Qe1 Bb6 20. Rb5 Bxe3+ 21. Bxe3 Qxe3+ 22. Qf2 Qxf2+ 23. Kxf2 Bc8 24. e5 a6 25. Rc5 Bg4 26. Re1 Bxf3 27. Bxf3 Rd2+ 28. Kg1 Ra2 29. Bxc6 bxc6 30. Rxc6 Rxa3 31. Rb6 h5 32. c5 Ra2 33. c6 Rc2 34. Rxa6 Rd8 35. Kh1 Rb8 36. h3 Rxb3 37. Ra8+ Kh7 38. Ra7 Rg3 39. Rg1 Rxc6 40. Rxf7 Re6 41. Rf5 Kg6 42. Rf3 Rg5 43. Ra1 Rexe5 44. Kh2 Re2 45. Rg3 Rxg3 46. Kxg3 Re4 47. Ra6+ Kh7 48. h4 Rg4+ 49. Kh3 Rb4 1/2-1/2


[Site "http://www.chessbomb.com"]

[Event "World Junior Chess Championship U20 2022"]
[White "Gurel, Ediz"]
[Black "Wartiovaara, Oliver"]
[WhiteFideId "44507356"]
[BlackFideId "513024"]
[WhiteElo "2445"]
[BlackElo "2297"]
[Result "1-0"]
[Round "03"]
[TimeControl "5400+30"]
[Date "2022.10.13"]
[WhiteClock "0:51:17"]
[BlackClock "0:27:45"]

1. e4 c5 2. Nf3 d6 3. d4 cxd4 4. Nxd4 Nf6 5. Nc3 a6 6. Bg5 e6 7. Qf3 Be7 8. O-O-O Nbd7 9. g4 h6 10. Bd2 Qc7 11. h4 Ne5 12. Qg2 Nexg4 13. Be2 h5 14. Rhg1 g6 15. f3 Ne5 16. Bg5 Bd7 17. f4 Nc6 18. Qf2 Ng4 19. Bxg4 hxg4 20. f5 Bxg5+ 21. hxg5 O-O-O 22. Nxc6 bxc6 23. fxg6 fxg6 24. Rxg4 e5 25. Rg3 Rh3 26. Rxh3 Bxh3 27. Qf6 Bg4 28. Rd3 Bh5 29. Nd5 cxd5 30. Rc3 Qxc3 31. bxc3 dxe4 32. Qe6+ Kc7 33. Qc4+ Kb6 34. Qxe4 Rc8 35. Qb4+ Kc7 36. c4 Re8 37. Qa4 Re7 38. Qxa6 e4 39. Qa7+ Kd8 40. Qe3 Re5 41. Kd2 Kc8 42. a4 Kb7 43. Kc3 Bg4 44. a5 Bc8 45. Qb6+ Ka8 46. Qd8 Rc5 47. Kd4 Rc6 48. Qe8 Kb7 49. Qxg6 1-0


[Site "http://www.chessbomb.com"]

[Event "World Junior Chess Championship U20 2022"]
[White "Flores Quillas, Diego Saul Rodri"]
[Black "Kozak, Antoni"]
[WhiteFideId "3822508"]
[BlackFideId "21832030"]
[WhiteElo "2291"]
[BlackElo "2440"]
[Result "0-1"]
[Round "03"]
[TimeControl "5400+30"]
[Date "2022.10.13"]
[WhiteClock "0:14:05"]
[BlackClock "1:05:56"]

1. e4 c5 2. Nf3 d6 3. d4 cxd4 4. Nxd4 Nf6 5. Nc3 a6 6. h3 e5 7. Nde2 h5 8. Bg5 Be6 9. Bxf6 Qxf6 10. Nd5 Qd8 11. Qd3 g6 12. O-O-O Nd7 13. Kb1 Nc5 14. Qf3 Bh6 15. Nec3 O-O 16. Qe2 b5 17. g3 Rb8 18. a3 Bd7 19. f4 exf4 20. gxf4 a5 21. b4 axb4 22. axb4 Ra8 23. Bg2 Na4 24. Nxa4 Rxa4 25. c3 Qa8 26. Qb2 Qa7 27. Nf6+ Kh8 28. Nxd7 Ra8 29. e5 Ra1+ 30. Kc2 Ra2 31. Bxa8 Qf2+ 0-1


[Site "http://www.chessbomb.com"]

[Event "World Junior Chess Championship U20 2022"]
[White "Harshavardhan, G B"]
[Black "Dauw, Sterre"]
[WhiteFideId "25059009"]
[BlackFideId "248886"]
[WhiteElo "2433"]
[BlackElo "2287"]
[Result "1/2-1/2"]
[Round "03"]
[TimeControl "5400+30"]
[Date "2022.10.13"]
[WhiteClock "0:04:59"]
[BlackClock "0:14:00"]

1. d4 Nf6 2. c4 e6 3. Nc3 Bb4 4. Qc2 d5 5. cxd5 exd5 6. Bg5 h6 7. Bxf6 Qxf6 8. a3 Bxc3+ 9. Qxc3 c6 10. e3 O-O 11. Nf3 Re8 12. Be2 Bg4 13. O-O Nd7 14. Rfe1 a5 15. b4 axb4 16. axb4 Qd6 17. h3 Bh5 18. Ra5 Rxa5 19. bxa5 Ra8 20. Rb1 Qc7 21. Qb4 Rxa5 22. Qxb7 Ra7 23. Qb3 Qd6 24. Rc1 g5 25. Qc2 Rc7 26. Qa2 c5 27. dxc5 Rxc5 28. Rd1 Bg6 29. Nd4 Ne5 30. Qa8+ Kg7 31. Qa1 Kg8 32. Qa8+ Kg7 33. Qa7 Qc7 34. Qa3 Nd7 35. Bg4 Rc4 36. Qb2 Nf6 37. Rf1 Qc5 38. Qa1 Qe7 39. Rd1 Qc7 40. Ne2 Qc6 41. Ng3 Qa4 42. Nf5+ Bxf5 43. Qxa4 Rxa4 44. Bxf5 Rb4 45. g3 h5 46. Kg2 Ra4 47. Rd2 Rb4 48. Ra2 Rc4 49. Kf1 Rb4 50. Bd3 Rb6 51. Ke2 Ne4 52. Rc2 Rf6 53. Ke1 Kh6 54. g4 h4 55. Bf1 Rb6 56. Bg2 Kg6 57. f3 Rb1+ 58. Ke2 Rg1 59. Kd3 Rd1+ 60. Ke2 Rg1 1/2-1/2


[Site "http://www.chessbomb.com"]

[Event "World Junior Chess Championship U20 2022"]
[White "Moksh, Amit Doshi"]
[Black "Ansat, Aldiyar"]
[WhiteFideId "25064967"]
[BlackFideId "13715658"]
[WhiteElo "2430"]
[BlackElo "2262"]
[Result "1/2-1/2"]
[Round "03"]
[TimeControl "5400+30"]
[Date "2022.10.13"]
[WhiteClock "0:26:21"]
[BlackClock "0:05:10"]

1. d4 Nf6 2. c4 g6 3. Nc3 d5 4. cxd5 Nxd5 5. e4 Nxc3 6. bxc3 Bg7 7. Nf3 c5 8. Rb1 O-O 9. Be2 Qc7 10. O-O Rd8 11. h3 b6 12. Qb3 e6 13. Bg5 Re8 14. Rfe1 Nc6 15. d5 exd5 16. exd5 Na5 17. Qc2 Bf5 18. Bd3 Bxd3 19. Qxd3 Nb7 20. c4 Qd7 21. Nd2 Nd6 22. Bf4 Rad8 23. g4 Rxe1+ 24. Rxe1 b5 25. cxb5 Qxb5 26. Qg3 Qb4 27. Rb1 Qd4 28. Bxd6 Qxd2 29. Be7 Re8 30. d6 Bf8 31. Qf3 Bxe7 32. Qc6 Kf8 33. dxe7+ Kxe7 34. Qxc5+ Kf6 35. Qxa7 Kg7 36. Rf1 Qd3 37. Qa4 Qxh3 38. Qxe8 Qxg4+ 39. Kh2 Qh4+ 40. Kg2 Qg4+ 1/2-1/2


[Site "http://www.chessbomb.com"]

[Event "World Junior Chess Championship U20 2022"]
[White "Droin, Augustin"]
[Black "Oye-Stromberg, Alexander"]
[WhiteFideId "45105987"]
[BlackFideId "1525999"]
[WhiteElo "2416"]
[BlackElo "2233"]
[Result "1-0"]
[Round "03"]
[TimeControl "5400+30"]
[Date "2022.10.13"]
[WhiteClock "0:40:55"]
[BlackClock "0:01:01"]

1. e4 e5 2. Nf3 Nc6 3. Bb5 a6 4. Ba4 Nf6 5. d3 b5 6. Bb3 Be7 7. a4 b4 8. O-O d6 9. a5 O-O 10. h3 Rb8 11. Nbd2 h6 12. c3 Be6 13. Bxe6 fxe6 14. d4 exd4 15. cxd4 Rb5 16. Nb3 d5 17. e5 Ne4 18. Ne1 Rf5 19. Nd3 Nb8 20. Qg4 Bg5 21. Nbc5 Nxc5 22. Nxc5 Rxc5 23. dxc5 Nc6 24. Qe2 Bxc1 25. Qxa6 Nd4 26. Raxc1 Qg5 27. Kh1 Rxf2 28. Rxf2 Qxc1+ 29. Qf1 Qxc5 30. a6 Nf5 31. Rf3 d4 32. Qa1 Qa7 33. Qa2 b3 34. Qxb3 Qxa6 35. Rxf5 1-0


[Site "http://www.chessbomb.com"]

[Event "World Junior Chess Championship U20 2022"]
[White "Siddharth, Jagadeesh"]
[Black "Winkelman, Albert"]
[WhiteFideId "5818320"]
[BlackFideId "3219941"]
[WhiteElo "2415"]
[BlackElo "2229"]
[Result "0-1"]
[Round "03"]
[TimeControl "5400+30"]
[Date "2022.10.13"]
[WhiteClock "0:01:56"]
[BlackClock "0:03:00"]

1. d4 Nf6 2. c4 g6 3. Nc3 d5 4. cxd5 Nxd5 5. Bd2 Bg7 6. e4 Nb6 7. Be3 O-O 8. a4 a5 9. h3 c6 10. Nf3 Qd6 11. Be2 Be6 12. O-O Qb4 13. Qc2 Bb3 14. Qc1 Rd8 15. e5 Nc4 16. Bf4 Nd7 17. h4 Nf8 18. Bxc4 Bxc4 19. Rd1 Bb3 20. Rd2 Ne6 21. Be3 h5 22. Qe1 b6 23. Qe2 Ra7 24. g3 Rad7 25. Kg2 c5 26. dxc5 Bc4 27. Qe1 bxc5 28. Kg1 Rxd2 29. Bxd2 Qxb2 30. Ne4 Bd5 31. Bxa5 Bxe4 32. Bxd8 Bxf3 33. Rb1 Qa2 34. Bxe7 Bc6 35. Qd1 Nd4 36. Rb8+ Kh7 37. Rd8 Qe6 0-1


[Site "http://www.chessbomb.com"]

[Event "World Junior Chess Championship U20 2022"]
[White "Veiga, Jose Francisco R P Neves"]
[Black "Andreev, Konstantin"]
[WhiteFideId "1930087"]
[BlackFideId "24239305"]
[WhiteElo "2409"]
[BlackElo "2206"]
[Result "1-0"]
[Round "03"]
[TimeControl "5400+30"]
[Date "2022.10.13"]
[WhiteClock "0:20:35"]
[BlackClock "0:10:03"]

1. e4 c5 2. Nf3 Nc6 3. Nc3 e6 4. d4 cxd4 5. Nxd4 Nf6 6. Ndb5 d6 7. Bf4 e5 8. Bg5 a6 9. Na3 b5 10. Nd5 Be7 11. Bxf6 Bxf6 12. c4 b4 13. Nc2 a5 14. b3 O-O 15. h4 g6 16. h5 Bg5 17. Bd3 Be6 18. g3 Ra7 19. Kf1 Qb8 20. f4 exf4 21. gxf4 Bd8 22. Qf3 a4 23. Kg2 Qa8 24. Qe3 Qb7 25. Rag1 axb3 26. axb3 Ra2 27. Kh2 Bxd5 28. exd5 Ne7 29. Rg2 Bb6 30. Qh3 Kh8 31. Qh4 Ng8 32. hxg6 fxg6 33. Rxg6 Qe7 34. Rxg8+ 1-0


[Site "http://www.chessbomb.com"]

[Event "World Junior Chess Championship U20 2022"]
[White "Asllani, Dorian"]
[Black "Bournel, Antoine"]
[WhiteFideId "1341332"]
[BlackFideId "26093553"]
[WhiteElo "2202"]
[BlackElo "2402"]
[Result "1/2-1/2"]
[Round "03"]
[TimeControl "5400+30"]
[Date "2022.10.13"]
[WhiteClock "0:16:49"]
[BlackClock "0:11:08"]

1. d4 Nf6 2. c4 e6 3. Nc3 Bb4 4. Qc2 d5 5. cxd5 exd5 6. Bg5 h6 7. Bh4 Nc6 8. e3 g5 9. Bg3 h5 10. Bd3 h4 11. Be5 Qe7 12. a3 Bxc3+ 13. Qxc3 Nxe5 14. dxe5 Ne4 15. Bxe4 dxe4 16. Ne2 Bg4 17. Qd4 h3 18. Qxe4 hxg2 19. Rg1 Bxe2 20. Kxe2 Rxh2 21. Qxb7 Rd8 22. Rxg2 Rxg2 23. Qxg2 Qxe5 24. Qc6+ Kf8 25. Qc3 Qf5 26. Qc4 g4 27. Ke1 g3 28. fxg3 Qf3 29. Qf4 Qh1+ 30. Qf1 Qh2 31. Qf2 Qh1+ 32. Qf1 Qe4 33. Qe2 Rd3 34. Kf2 Qd5 35. Ke1 c5 36. Rc1 c4 37. Rc3 Qh1+ 38. Kf2 Rd1 39. Rxc4 Rg1 40. Rc8+ Ke7 41. Rc7+ Kd8 42. Rc8+ Kxc8 43. Qa6+ Kd8 44. Qd6+ Ke8 45. Qb8+ Ke7 46. Qc7+ Kf6 47. Qf4+ Kg6 48. Qg4+ Kf6 49. Qf4+ Ke6 50. Qc4+ Kd6 51. Qd4+ Ke6 52. Qc4+ Ke7 53. Qc7+ Kf8 54. Qd8+ Kg7 55. Qg5+ Kh8 56. Qf6+ Kg8 57. Qg5+ Kh7 58. Qf5+ Kg8 59. Qg5+ Kh8 60. Qf6+ Kg8 1/2-1/2


[Site "http://www.chessbomb.com"]

[Event "World Junior Chess Championship U20 2022"]
[White "Peyrer, Konstantin"]
[Black "Casadio, Niccolo`"]
[WhiteFideId "1640879"]
[BlackFideId "2827951"]
[WhiteElo "2402"]
[BlackElo "2201"]
[Result "1-0"]
[Round "03"]
[TimeControl "5400+30"]
[Date "2022.10.13"]
[WhiteClock "0:53:37"]
[BlackClock "0:34:53"]

1. d4 e6 2. Bf4 Nf6 3. e3 d5 4. c3 Bd6 5. Bg3 O-O 6. Nd2 b6 7. Ngf3 Bb7 8. Bd3 c5 9. Ne5 Nc6 10. O-O Bxe5 11. dxe5 Nd7 12. f4 f5 13. exf6 Nxf6 14. e4 Qe8 15. Qe2 Nh5 16. Rae1 Nxg3 17. hxg3 Qd7 18. e5 g6 19. Qg4 Rae8 20. Nf3 a6 21. Kh2 b5 22. Rd1 Ne7 23. Ng5 Nf5 24. Bxf5 exf5 25. Qh3 h5 26. Ne4 Qc6 27. Nd6 Re6 28. Nxb7 Qxb7 29. Qh4 Qa8 30. Rd2 Rd8 31. g4 hxg4 32. Kg3 Kg7 33. Rh1 Rh8 34. Qxh8+ Qxh8 35. Rxh8 Kxh8 36. Rxd5 Kg7 37. Rxc5 Kh6 38. Rd5 Rc6 39. Rd1 Rc4 40. Rd4 Rc6 41. Kf2 a5 42. Ke3 Kh5 43. g3 Kh6 44. Kd2 Kh5 45. Rd8 Kh6 46. Rd5 b4 47. Rxa5 bxc3+ 48. bxc3 Rb6 49. Ra8 Rb2+ 50. Kd3 Kg7 51. Ra7+ Kf8 52. e6 Rg2 53. Kd4 Re2 54. Kd5 g5 55. Rf7+ Ke8 56. fxg5 Rxa2 57. g6 Ra5+ 58. Kc4 f4 59. g7 Rg5 60. gxf4 1-0


[Site "http://www.chessbomb.com"]

[Event "World Junior Chess Championship U20 2022"]
[White "Stankovic, Dragan"]
[Black "Di Benedetto, Edoardo"]
[WhiteFideId "14408740"]
[BlackFideId "875740"]
[WhiteElo "2181"]
[BlackElo "2396"]
[Result "0-1"]
[Round "03"]
[TimeControl "5400+30"]
[Date "2022.10.13"]
[WhiteClock "0:01:23"]
[BlackClock "0:02:28"]

1. e4 e6 2. d4 d5 3. Bd3 dxe4 4. Bxe4 Nf6 5. Bf3 c5 6. Ne2 Nc6 7. Be3 cxd4 8. Nxd4 Ne5 9. Nc3 Be7 10. Ndb5 Nxf3+ 11. Qxf3 a6 12. Rd1 Bd7 13. Nd6+ Bxd6 14. Rxd6 Qc7 15. Rd2 Bc6 16. Qh3 O-O 17. O-O e5 18. Bg5 Ne4 19. Nxe4 Bxe4 20. a3 Qc6 21. c3 h6 22. Be3 Rfe8 23. Rfd1 Re6 24. f3 Bg6 25. Qh4 Rae8 26. Rd8 Kh7 27. Rxe8 Rxe8 28. Rd8 f5 29. Rxe8 Qxe8 30. f4 Qa4 31. Qe1 exf4 32. Bd4 Qe8 33. Qe5 Qd7 34. Qxf4 Bf7 35. Qe5 Bd5 36. g3 Qf7 37. h4 Bc6 38. Kf2 Qg6 39. Qf4 Qh5 40. Ke3 Bb5 41. Qf3 Qe8+ 42. Kd2 Qe6 43. a4 Bc6 44. Qf4 Bxa4 45. Qe5 Qf7 46. Ke3 Qg6 47. Kf2 Bc6 48. Ke3 Qg4 49. Qf4 Qh5 50. Qe5 Qf3+ 51. Kd2 Qg4 52. Qf4 Qh5 53. Qe5 Qg6 54. Ke3 Bb5 55. b4 Qg4 56. Kd2 Ba4 57. Ke3 Bc2 58. Kf2 Be4 59. Ke1 Qg6 60. Kf2 Bc6 61. Ke3 Bh1 62. Kf2 Be4 63. Ke3 b6 64. Kf2 a5 65. bxa5 bxa5 66. Qxa5 f4 67. gxf4 Qg2+ 68. Ke1 Qh1+ 69. Ke2 Qf3+ 70. Ke1 Qxf4 71. Qd8 Qg3+ 72. Kd2 Qg2+ 73. Ke1 Qg3+ 74. Kd2 Qf4+ 75. Ke1 Qc1+ 76. Ke2 Qc2+ 77. Ke1 Qb1+ 78. Kd2 Qb7 79. Qf8 Qd7 80. Qf4 Qe6 81. Qg3 Qf7 82. Qe5 Qg6 83. Ke3 Bb1 84. Kf2 Qg4 85. Qg3 Qf5+ 86. Kg1 Qf7 87. Qf2 Bf5 88. Qg3 Be4 89. Kh2 Qe7 90. Kg1 Bd5 91. Qe5 Qd7 92. Kh2 Bb7 93. Qg3 Qf7 94. Kg1 Bc6 95. Qg4 Bd7 96. Qg3 Bf5 97. Kh2 Qb7 98. Qe5 Be4 99. Kg3 Bb1 100. Kh2 Qf7 101. Kg3 Bf5 102. Kh2 Be6 103. Kg3 Bd5 104. Kh2 Bb7 105. Qg3 Qa2+ 106. Qf2 Qd5 107. Qg1 Qa2+ 108. Qf2 Qb1 109. Qg1 Qc2+ 110. Qf2 Qe4 111. Be3 Qe5+ 112. Qf4 Qxc3 113. Qf5+ Kg8 114. Qe6+ Kh8 115. Qe8+ Kh7 116. h5 Qc2+ 117. Kg3 Qg2+ 118. Kh4 Be4 119. Qe5 Qh1+ 120. Kg3 Qf3+ 121. Kh4 Bf5 0-1


[Site "http://www.chessbomb.com"]

[Event "World Junior Chess Championship U20 2022"]
[White "Lumachi, Gabriele"]
[Black "Brahami, Lamine"]
[WhiteFideId "2817247"]
[BlackFideId "7905637"]
[WhiteElo "2387"]
[BlackElo "2188"]
[Result "1/2-1/2"]
[Round "03"]
[TimeControl "5400+30"]
[Date "2022.10.13"]
[WhiteClock "0:03:52"]
[BlackClock "0:00:48"]

1. d4 Nf6 2. Nf3 g6 3. Nc3 Bg7 4. e4 d6 5. Be3 O-O 6. Qd2 c6 7. Bh6 b5 8. Bd3 Bg4 9. h4 Bxf3 10. gxf3 Nh5 11. Ne2 e5 12. Bxg7 Kxg7 13. f4 Nd7 14. f5 a6 15. O-O-O c5 16. dxc5 dxc5 17. Nc3 Qa5 18. Kb1 Ndf6 19. Be2 Nf4 20. Qe3 c4 21. Nd5 N4xd5 22. exd5 c3 23. bxc3 Rac8 24. h5 Rxc3 25. h6+ Kg8 26. Qxe5 Rxc2 27. Bc4 Qc3 28. Qxc3 Rxc3 29. Bb3 a5 30. fxg6 hxg6 31. d6 a4 32. h7+ Kh8 33. Bd5 b4 34. Rh4 Nxd5 35. Rxd5 Rd8 36. d7 Rc7 37. Rxb4 Kxh7 38. Kb2 1/2-1/2


[Site "http://www.chessbomb.com"]

[Event "World Junior Chess Championship U20 2022"]
[White "Cotic, Borna"]
[Black "Chukavin, Kirill"]
[WhiteFideId "14542307"]
[BlackFideId "4503023"]
[WhiteElo "2133"]
[BlackElo "2384"]
[Result "0-1"]
[Round "03"]
[TimeControl "5400+30"]
[Date "2022.10.13"]
[WhiteClock "0:00:32"]
[BlackClock "0:01:00"]

1. e4 c5 2. Nf3 e6 3. c4 Nc6 4. d4 cxd4 5. Nxd4 Bc5 6. Nb3 Bb4+ 7. Bd2 a5 8. Bxb4 axb4 9. Bd3 Nf6 10. O-O O-O 11. N1d2 b6 12. Nf3 e5 13. Ne1 d6 14. Nc2 Nd7 15. Ne3 Nc5 16. Nd5 Be6 17. Qd2 Qh4 18. Nxb6 Ra6 19. Nd5 Rc8 20. f3 Qd8 21. Rfd1 Rca8 22. Nc1 Qb8 23. Bf1 Ra5 24. Rb1 f5 25. Ne3 fxe4 26. Qxd6 Qb6 27. Nb3 Rd8 28. Nxa5 Rxd6 29. Rxd6 Nd3 30. Bxd3 Qxe3+ 31. Kh1 exf3 32. Bf1 Nd4 33. Nb3 Ne2 0-1


[Site "http://www.chessbomb.com"]